 Dungeon Crawl Stone Soup version 0.23-a0-404-g0063841 (webtiles) character file.

5895 nikopol the Cleaver (level 10, 0/86 HPs)
             Began as a Minotaur Berserker on Nov 5, 2018.
             Was an Elder of Trog.
             Slain by a manticore (6 damage)
             ... on level 8 of the Dungeon.
             The game lasted 00:14:28 (6754 turns).

nikopol the Cleaver (Minotaur Berserker)            Turns: 6754, Time: 00:14:29

Health: 0/86       AC: 14    Str: 26    XL:     10   Next: 53%
Magic:  9/9        EV: 14    Int:  4    God:    Trog [****..]
Gold:   471        SH:  0    Dex: 13    Spells: 9/9 levels left

rFire    . . .     SeeInvis .   a - +0 war axe
rCold    . . .     Gourm    .   (no shield)
rNeg     . . .     Faith    .   G - +1 ring mail {rPois}
rPois    +         Spirit   .   (helmet restricted)
rElec    .         Reflect  .   E - +2 cloak
rCorr    .         Harm     .   g - +1 pair of gloves
MR       .....                  F - +0 pair of boots
Stlth    +.........             (no amulet)
HPRegen  0.24/turn              v - +4 ring of strength
MPRegen  0.11/turn              C - ring of poison resistance (curse)

@: about to teleport, marked, berserk cooldown, slowed, very slow
A: retaliatory headbutt, horns 2
a: Berserk, Trog's Hand, Brothers in Arms, Renounce Religion


You were on level 8 of the Dungeon.
You worshipped Trog.
Trog was greatly pleased with you.
You were very hungry.

You visited 1 branch of the dungeon, and saw 8 of its levels.

You collected 471 gold pieces.

Inventory:

Hand Weapons
 a - a +0 war axe (weapon)
 z - a +2 shortbow of freezing
Missiles
 f - 154 arrows
Armour
 e - a +0 ring mail
 g - a +1 pair of gloves (worn)
 i - a +0 cloak
 E - a +2 cloak (worn)
 F - a +0 pair of boots (worn)
 G - a +1 ring mail of poison resistance (worn)
Jewellery
 q - an uncursed ring of protection from fire
 v - a +4 ring of strength (left hand)
 C - a cursed ring of poison resistance (right hand)
Wands
 n - a wand of iceblast (7)
 x - a wand of digging (6)
 I - a wand of disintegration (13)
 J - a wand of polymorph (8)
Scrolls
 h - 4 scrolls of remove curse
 j - 6 scrolls of teleportation
 k - a scroll of amnesia {unknown}
 m - 4 scrolls of immolation {unknown}
 o - 4 scrolls of enchant armour {unknown}
 p - 3 scrolls of identify
 y - a scroll of vulnerability {unknown}
 B - a scroll of fog {unknown}
 D - a scroll of torment {unknown}
Potions
 b - 2 potions of curing
 d - 3 potions of agility
 l - 2 potions of flight
 r - 2 potions of brilliance
 s - 3 potions of heal wounds
 t - a potion of ambrosia
 u - a potion of haste {unknown}
 w - a potion of mutation {unknown}
 A - a potion of lignification {unknown}
Comestibles
 c - 11 rations
 H - 3 chunks of flesh


   Skills:
 + Level 7.2 Fighting
 * Level 11.6 Axes
 * Level 10.1 Bows
 + Level 6.4 Armour
 + Level 5.4 Dodging
 + Level 1.3 Stealth


You had 9 spell levels left.
You didn't know any spells.
Your spell library was empty.

Dungeon Overview and Level Annotations

Branches:
Dungeon (8/15)             Temple (0/1) D:5
   Lair: D:8-11

Altars:
Cheibriados
Gozag
Qazlal
Sif Muna
Yredelemnul

Annotations:
D:8 4 transporters


Innate Abilities, Weirdness & Mutations

You reflexively headbutt those who attack you in melee.
You have a pair of horns on your head.


Message History

You headbutt the orc, but do no damage. You closely miss the manticore.
The manticore is lightly wounded.
You hit the orc warrior but do no damage.
You closely miss the orc.
You are feeling very hungry.
The orc warrior misses you. The manticore bites you!
* * * LOW HITPOINT WARNING * * *
The manticore barely misses you. The manticore closely misses you.
The orc hits you with a runed flail.
* * * LOW HITPOINT WARNING * * *
The manticore bites you!
* * * LOW HITPOINT WARNING * * *
The manticore closely misses you. The manticore claws you.
* * * LOW HITPOINT WARNING * * *
The orc warrior hits you with a war axe.
* * * LOW HITPOINT WARNING * * *
As you read the scroll of teleportation, it crumbles to dust.
You feel strangely unstable. The manticore bites you.
You die...

............#.#..... .©....#..#.#
........#####.#..... ......'..#..
.........##...#.... ...#...#[.#..
..............##..##...##.o####..
...............#©...#.#...H#..♣..
####..........©#.....#...YY#©....
..##...........#©...#.#...o#..♣..
.......##.....##†[##...##..####.#
##......#.....#(@o.#..(#...#.h#..
#............#H†o.((......'@.#..
#.........#..#(.((.©.©...o#..#..
#..)......##.##...........#8##.#
##.........##..##...#####..###..#
)#.........#.#..#####...####...##
..............#..............##.#
...........##...............###..
........[..##...............###..


You could see a manticore, an orc warrior and an orc.

Vanquished Creatures
  Harold (D:8)
  A two-headed ogre (D:8)
  A troll (D:8)
  A hippogriff (D:8)
  Eustachio (D:4)
  2 hungry ghosts (D:8)
  A water moccasin (D:7)
  A sky beast (D:8)
  6 orc warriors
  A black bear (D:8)
  3 ice beasts
  8 ogres
  7 centaurs
  A big kobold (D:7)
  A bullfrog (D:7)
  2 scorpions
  6 crimson imps
  A bullfrog zombie (D:3)
  2 centaur zombies
  A jelly (D:7)
  3 orc priests
  A bullfrog skeleton (D:5)
  6 hounds
  3 orc wizards
  A centaur skeleton (D:5)
  3 iguanas
  5 worker ants
  A killer bee zombie (D:3)
  2 hound skeletons (D:6)
  7 gnolls
  6 adders
  An ooze (D:6)
  A worm (D:3)
  2 dart slugs
  A leopard gecko (D:3)
  35 orcs
  2 giant cockroaches
  2 hobgoblins (D:2)
  4 jackals
  A quokka (D:3)
  2 ball pythons
  4 bats
  7 frilled lizards
  16 goblins
  9 kobolds
  A leopard gecko skeleton (D:4)
  A leopard gecko zombie (D:5)
  A quokka zombie (D:5)
  6 rats (D:1)
182 creatures vanquished.

Notes
Turn   | Place    | Note
-------+----------+-------------------------------------------
     0 | D:1      | nikopol the Minotaur Berserker began the quest for the Orb.
     0 | D:1      | Reached XP level 1. HP: 19/19 MP: 0/0
   127 | D:1      | Reached skill level 4 in Axes
   127 | D:1      | Reached XP level 2. HP: 25/27 MP: 1/1
   730 | D:2      | Reached ** piety under Trog
   730 | D:2      | Reached XP level 3. HP: 31/33 MP: 2/2
   899 | D:2      | Found a faded altar of an unknown god.
   940 | D:2      | Found a deep blue altar of Sif Muna.
   941 | D:2      | Found an opulent altar of Gozag.
  1453 | D:2      | You fall through a shaft!
  1596 | D:3      | Reached XP level 4. HP: 16/41 MP: 3/3
  1936 | D:3      | Reached skill level 5 in Axes
  2301 | D:4      | Reached XP level 5. HP: 42/47 MP: 4/4
  2595 | D:4      | Reached XP level 6. HP: 50/55 MP: 5/5
  2706 | D:4      | Reached skill level 6 in Axes
  2725 | D:4      | Reached skill level 5 in Fighting
  2837 | D:4      | Found a snail-covered altar of Cheibriados.
  2970 | D:4      | Reached skill level 5 in Armour
  2980 | D:4      | Noticed Eustachio
  3017 | D:4      | Killed Eustachio
  3017 | D:4      | Reached XP level 7. HP: 46/61 MP: 6/6
  3218 | D:4      | Reached skill level 7 in Axes
  3335 | D:5      | Entered Level 5 of the Dungeon
  3335 | D:5      | Found a staircase to the Ecumenical Temple.
  3340 | D:5      | Reached *** piety under Trog
  3363 | D:5      | Found a basalt altar of Yredelemnul.
  3453 | D:5      | Reached skill level 8 in Axes
  3660 | D:5      | Reached XP level 8. HP: 59/69 MP: 7/7
  4058 | D:6      | Reached skill level 1 in Stealth
  4331 | D:6      | Reached skill level 5 in Dodging
  4371 | D:6      | Reached skill level 9 in Axes
  4493 | D:6      | Reached skill level 1 in Bows
  5061 | D:6      | Found a stormy altar of Qazlal.
  5140 | D:7      | Reached **** piety under Trog
  5161 | D:7      | Reached skill level 10 in Axes
  5252 | D:7      | Reached XP level 9. HP: 47/75 MP: 8/8
  5443 | D:7      | Reached skill level 5 in Bows
  5852 | D:8      | Found a transporter.
  5867 | D:8      | Noticed a manticore
  5885 | D:8      | Noticed Harold
  5887 | D:8      | Noticed a troll
  5922 | D:8      | Noticed a two-headed ogre
  5931 | D:8      | Killed a two-headed ogre
  6044 | D:8      | Received a gift from Trog
  6045 | D:8      | Reached XP level 10. HP: 84/84 MP: 9/9
  6093 | D:8      | Reached skill level 11 in Axes
  6354 | D:8      | Found a transporter.
  6401 | D:8      | Received a gift from Trog
  6472 | D:8      | Found a transporter.
  6506 | D:8      | Found a transporter.
  6708 | D:8      | Found a transporter.
  6751 | D:8      | Killed Harold
  6751 | D:8      | Reached skill level 10 in Bows
  6754 | D:8      | Slain by a manticore

Vault maps used:
D:1:      nagdon_arrival_double_spiral, hangedman_decor_riveting
D:2:      kennysheep_the_goblin_king, gammafunk_temple_overflow_statue,
          chequers_ecumenical_altar_island, minmay_tetromino_l2
D:3:      first_ration
D:4:      nicolae_overflow_crystal_walls, uniq_eustachio
D:5:      lemuel_crystal_altar, minmay_temple_entry_purple_smoke
D:6:      nicolae_qazlal_general_emergency
D:8:      gammafunk_the_bubble, special_room, uniq_harold

Skill      XL: |  1  2  3  4  5  6  7  8  9 10 |
---------------+-------------------------------+-----
Axes           | 4 5 6 8 10 11 | 11.6
Fighting       | 4 5 6 7 |  7.2
Armour         | 3 4 5 6 |  6.4
Dodging        | 3 4 5 |  5.4
Stealth        | 1 |  1.3
Bows           | 4 8 10 | 10.1

Action                   |  1- 3 |  4- 6 |  7- 9 | 10-12 || total
-------------------------+-------+-------+-------+-------++-------
Melee: Hand axe          |    78 |    60 |       |       ||   138
       Headbutt          |    13 |    19 |    30 |    12 ||    74
       War axe           |       |    29 |   128 |    37 ||   194
 Fire: Shortbow          |       |       |    95 |    48 ||   143
Invok: Berserk           |       |     2 |     6 |     1 ||     9
  Use: Scroll            |       |       |     8 |     1 ||     9
  Eat: Chunk             |     2 |     6 |    16 |     3 ||    27
Armor: Ring mail         |    39 |    41 |    36 |    32 ||   148
Dodge: Dodged            |    51 |    80 |    98 |    60 ||   289

Table legend:
 A = Non-vault XP
 B = Vault XP
 C = Vault XP percentage of total XP
 D = Non-vault monster count
 E = Vault monster count
 F = Vault count percentage of total count
                 A         B        C        D         E       F
            +---------+---------+-------+---------+---------+-------
      Total |    5904 |    2518 |  29.9 |     143 |      39 |  21.4
            +---------+---------+-------+---------+---------+-------
        D:1 |      32 |       0 |   0.0 |      24 |       0 |   0.0
        D:2 |      33 |      16 |  32.7 |       6 |       9 |  60.0
        D:3 |     104 |       0 |   0.0 |      11 |       0 |   0.0
        D:4 |     525 |     196 |  27.2 |      20 |       1 |   4.8
        D:5 |     578 |       0 |   0.0 |      18 |       0 |   0.0
        D:6 |     846 |       0 |   0.0 |      20 |       0 |   0.0
        D:7 |    1152 |       0 |   0.0 |      24 |       0 |   0.0
        D:8 |    2634 |    2306 |  46.7 |      20 |      29 |  59.2
            +---------+---------+-------+---------+---------+-------
